 Dungeon Crawl Stone Soup version 0.27.1-34-g3ba077fa99 (webtiles) character file.

Game seed: 15786665537459828808

403 sankara the Insei (level 6, 0/51 HPs)
             Began as a Minotaur Monk on Jan 18, 2022.
             Slain by a gnoll (5 damage)
             ... on level 5 of the Dungeon.
             The game lasted 00:08:45 (3516 turns).

sankara the Insei (Minotaur Monk)                   Turns: 3516, Time: 00:08:45

Health: 0/51       AC: 12    Str: 15    XL:     6   Next: 55%
Magic:  5/5        EV:  7    Int:  7    God:
Gold:   210        SH:  0    Dex: 15    Spells: 5/5 levels left

rFire    . . .     SeeInvis +     - Unarmed
rCold    . . .     Faith    .   (no shield)
rNeg     . . .     Spirit   .   p - +0 chain mail
rPois    .         Reflect  .   j - +2 hat
rElec    .         Harm     .   h - +0 cloak
rCorr    .         Rampage  .   (no gloves)
Will     .....                  (no boots)
Stlth    ..........             (no amulet)
HPRegen  0.17/turn              a - ring of see invisible
MPRegen  0.09/turn              (no ring)

@: no status effects
A: horns 2, retaliatory headbutt
a: no special abilities


You were on level 5 of the Dungeon.
You visited 1 branch of the dungeon, and saw 5 of its levels.

You collected 210 gold pieces.

Inventory:

Hand Weapons
 c - a +2 dagger of electrocution
 d - a +0 hunting sling
Missiles
 b - 171 stones
 l - 22 poisoned darts (quivered)
Armour
 h - a +0 cloak (worn)
 j - a +2 hat (worn)
 p - a +0 chain mail (worn)
 r - a +0 buckler
Jewellery
 a - a ring of see invisible (left hand)
Scrolls
 n - a scroll of immolation
 o - a scroll of amnesia
Potions
 e - 2 potions of brilliance
 i - 3 potions of curing
 k - a potion of might
 q - a potion of haste {unknown}


   Skills:
 - Level 3.6 Fighting
 + Level 3.8 Armour
 - Level 3.2 Dodging
 - Level 1.5 Stealth
 * Level 7.3 Unarmed Combat


You had 5 spell levels left.
You didn't know any spells.
Your spell library was empty.

Dungeon Overview and Level Annotations

Branches:
Dungeon (5/15)
 Temple: D:4-7

Altars:
Yredelemnul

Annotations:
D:3 3 runed translucent doors, Koffer's ghost, weakling DsGl
D:5 Sigmund


Innate Abilities, Weirdness & Mutations

You have a pair of horns on your head.
You reflexively headbutt those who attack you in melee.


Message History

Press: ? - help, Q - select action, (/) - cycle Shift-Dir - straight line, f/p - Sigmund
Aim: Sigmund, wielding a +0 scythe, wearing a +0 robe and carrying a wand of flame (14) (heavily wounded, poisoned, 53% to hit)
You throw a poisoned dart. The poisoned dart hits Sigmund.
Sigmund looks even sicker.
Sigmund is heavily wounded.
The gnoll hits you from afar with a +0 spear.
Sigmund points at you and mumbles some strange words.
The magic dart hits you. The gnoll hits you but does no damage.
Throw: 25 darts (poison)
Press: ? - help, Q - select action, (/) - cycle Shift-Dir - straight line, f/p - Sigmund
Aim: Sigmund, wielding a +0 scythe, wearing a +0 robe and carrying a wand of flame (14) (heavily wounded, very poisoned, 55% to hit)
You throw a poisoned dart.
The poisoned dart closely misses Sigmund.
The gnoll hits you but does no damage.
Throw: 24 darts (poison)
Press: ? - help, Q - select action, (/) - cycle Shift-Dir - straight line, f/p - Sigmund
Aim: Sigmund, wielding a +0 scythe, wearing a +0 robe and carrying a wand of flame (14) (heavily wounded, very poisoned, 53% to hit)
You throw a poisoned dart.
The poisoned dart barely misses Sigmund.
The gnoll hits you from afar with a +0 spear!
Sigmund hits you from afar with a +0 scythe.
The gnoll shaman calls upon its god to speed up the gnoll.
The gnoll seems to speed up.
The gnoll barely misses you.
Throw: 23 darts (poison)
Press: ? - help, Q - select action, (/) - cycle Shift-Dir - straight line, f/p - Sigmund
Aim: Sigmund, wielding a +0 scythe, wearing a +0 robe and carrying a wand of flame (14) (heavily wounded, very poisoned, 53% to hit)
You throw a poisoned dart.
The poisoned dart closely misses Sigmund.
The gnoll hits you from afar with a +0 spear.
* * * LOW HITPOINT WARNING * * *
The gnoll hits you but does no damage. Sigmund barely misses you.
The gnoll closely misses you.
The gnoll shaman hits you with a +0 whip.
* * * LOW HITPOINT WARNING * * *
The gnoll hits you from afar with a +1 spear of freezing.
* * * LOW HITPOINT WARNING * * *
The gnoll freezes you.
* * * LOW HITPOINT WARNING * * *
The gnoll hits you from afar with a +0 spear.
You die...

####### # #.....#
.@. #.....#
#..######.....#
#..(..##..(..#
###..(......#
#####....g@g....##
...........#.@....##
.........#.g.......#
...g..g..##g.......#
....ggg..##........#
..........^#......##
....(....#........#
....)....###.......#
........# #.......#
#.......#


You could see Sigmund (poisoned), a gnoll shaman and 3 gnolls.

Vanquished Creatures
  2 necrophages
  Jessica (D:2)
  Robin (D:3)
  7 gnolls
  4 adders
  3 dart slugs
  5 orcs
  An endoplasm (D:1)
  5 giant cockroaches
  15 goblins
  9 hobgoblins
  4 jackals
  2 quokkas
  10 ball pythons
  4 bats
  5 frilled lizards
  5 kobolds
  4 rats
87 creatures vanquished.

Vanquished Creatures (others)
  A fungus (D:1)
1 creature vanquished.

Grand Total: 88 creatures vanquished

Notes
Turn   | Place    | Note
-------+----------+-------------------------------------------
     0 | D:1      | sankara the Minotaur Monk began the quest for the Orb.
     0 | D:1      | Reached XP level 1. HP: 19/19 MP: 0/0
   535 | D:1      | Found a faded altar of an unknown god.
   620 | D:1      | Reached skill level 4 in Unarmed Combat
   620 | D:1      | Reached XP level 2. HP: 26/26 MP: 1/1
  1261 | D:2      | Found a basalt altar of Yredelemnul.
  1316 | D:2      | Reached XP level 3. HP: 30/31 MP: 2/2
  1505 | D:1      | Reached skill level 5 in Unarmed Combat
  1647 | D:1      | Reached skill level 1 in Armour
  1744 | D:1      | Reached XP level 4. HP: 26/39 MP: 3/3
  2285 | D:2      | Noticed Jessica
  2293 | D:2      | Killed Jessica
  2294 | D:2      | Reached XP level 5. HP: 44/45 MP: 4/4
  2401 | D:3      | Noticed Robin
  2416 | D:3      | Reached skill level 6 in Unarmed Combat
  2586 | D:3      | Killed Robin
  2855 | D:3      | Noticed Koffer's ghost (weakling DsGl)
  2860 | D:3      | Found a runed translucent gate.
  2860 | D:3      | Found a runed translucent gate.
  2860 | D:3      | Found a runed translucent gate.
  3180 | D:4      | Noticed a necrophage
  3384 | D:5      | Entered Level 5 of the Dungeon
  3384 | D:5      | Noticed a water moccasin
  3420 | D:4      | Killed a necrophage
  3421 | D:4      | Reached XP level 6. HP: 51/51 MP: 5/5
  3480 | D:5      | Reached skill level 7 in Unarmed Combat
  3498 | D:5      | Noticed Sigmund
  3516 | D:5      | Slain by a gnoll

Illustrated notes

Levels and vault maps discovered:
D:1:      lightli_arrival_chessboard, layout_basic,
          shapermc_ecumenical_altar_acropolis, minmay_misc_feat_nine_boxes,
          chequers_avenue
D:2:      layout_loops_ring, basic_altar, serial_glass, glass_columns_b,
          glass_columns_a, kennysheep_jessica_study
D:3:      layout_rooms, gammafunk_ghost_split, uniq_jessica, uniq_robin
D:4:      layout_cave_pools
D:5:      layout_rooms, uniq_sigmund

Skill      XL: |  1  2  3  4  5  6 |
---------------+-------------------+-----
Unarmed Combat | 4 5 6 7 |  7.3
Armour         | 1 2 3 |  3.8
Fighting       | |  3.6
Dodging        | |  3.2
Stealth        | |  1.5

Action                   |  1- 3 |  4- 6 || total
-------------------------+-------+-------++-------
Melee: Unarmed           |    80 |   129 ||   209
       Headbutt          |    10 |    14 ||    24
       Punch             |     2 |     3 ||     5
Throw: Stone             |       |     4 ||     4
       Dart              |       |     9 ||     9
  Use: Scroll            |       |     7 ||     7
 Stab: Sleeping          |     3 |       ||     3
Armor: Robe              |    12 |       ||    12
       Ring mail         |    11 |    69 ||    80
       Chain mail        |       |    25 ||    25
Dodge: Dodged            |    44 |   111 ||   155
